 Dungeon Crawl Stone Soup version 0.21-a0-19-g210df22 (webtiles) character file.

264747 JeffiDaFish the Bludgeoner (level 20, -5/132 HPs)
             Began as a Gargoyle Fighter on May 23, 2017.
             Was the Champion of Okawaru.
             Killed from afar by a starcursed mass (16 damage)
             ... with an accursed screaming
             ... on level 2 of the Abyss on May 25, 2017.
             The game lasted 01:49:09 (39473 turns).

JeffiDaFish the Bludgeoner (Gargoyle Fighter)      Turns: 39473, Time: 01:49:09

Health: -5/132     AC: 58    Str: 25    XL:     20   Next: 5%
Magic:  0/25       EV: 10    Int: 11    God:    Okawaru [******]
Gold:   1604       SH: 23    Dex: 24    Spells: 19/19 levels left

rFire    . . .     SeeInvis .   i - +6 morningstar (flame)
rCold    + . .     Gourm    .   p - +0 large shield
rNeg     + + .     Faith    .   M - +2 crystal plate armour
rPois    ∞         Spirit   +   C - +2 helmet
rElec    +         Reflect  .   y - +2 cloak {+Inv}
rCorr    .         Harm     .   m - +2 pair of gloves {Dex+3}
MR       +....                  H - +2 pair of boots {Fly}
Stlth    ..........             A - amulet of guardian spirit
Regen    0.4/turn               J - ring "Lusatuog" {rN+ Dex+6}
MPRegen  0.2/turn               O - ring of a Thousand Gods {Str+4 Stlth+}

@: marked, flying, studying Polearms
A: big wings, iridescent scales 1, cold resistance 1, mutation resistance 1,
negative energy resistance 1, electricity resistance, unbreathing, petrification
resistance, rot immunity, AC +15
}: 2/15 runes: serpentine, barnacled
a: Stop Flying, Heroism, Finesse, Renounce Religion, Evoke Invisibility


You were on level 2 of the Abyss.
You worshipped Okawaru.
Okawaru was exalted by your worship.
You were not hungry.

You visited 6 branches of the dungeon, and saw 33 of its levels.
You visited the Abyss 1 time.
You visited 1 bazaar.
You also visited: Labyrinth.

You collected 2905 gold pieces.
You spent 1301 gold pieces at shops.

Inventory:

Hand Weapons
 a - a +3 flail
 i - a +6 morningstar of flaming (weapon)
Armour
 m - a +2 pair of gloves of dexterity (worn)
 p - a +0 large shield (worn)
 y - a +2 cloak of invisibility (worn)
 C - a +2 helmet (worn)
 H - a +2 pair of boots of flying (worn)
 M - a +2 crystal plate armour (worn)
Jewellery
 c - an uncursed ring of protection from fire
 r - an uncursed ring of protection from cold
 A - an amulet of guardian spirit (around neck)
 B - an uncursed ring of see invisible
 E - an uncursed ring of protection from magic
 J - the ring "Lusatuog" (left hand) {rN+ Dex+6}
   (You bought it in a shop on level 2 of the Orcish Mines)

   [ring of dexterity]

   It affects your dexterity (+6).
   It protects you from negative energy.
 O - the ring of a Thousand Gods (right hand) {Str+4 Stlth+}
   (You found it on level 13 of the Dungeon)

   [ring of strength]

   It affects your strength (+4).
   It makes you more stealthy.
Wands
 I - a wand of iceblast (11/15)
Scrolls
 d - 15 scrolls of identify
 j - 7 scrolls of magic mapping
 k - 6 scrolls of fog
 l - 5 scrolls of teleportation
 n - 16 scrolls of remove curse
 t - 8 scrolls of recharging
 u - 7 scrolls of amnesia
 v - 6 scrolls of fear
 x - a scroll of blinking
 P - 2 scrolls of holy word
Potions
 b - 3 potions of magic
 g - 8 potions of curing
 o - a potion of cancellation
 q - 7 potions of ambrosia
 s - 6 potions of haste
 z - 3 potions of agility
 D - a potion of berserk rage
Books
 e - a book of Party Tricks

   Spells                             Type                      Level
   a - Summon Butterflies             Summoning                    1
   b - Apportation                    Translocation                1
   c - Lesser Beckoning               Translocation                3
   d - Tukima's Dance                 Hexes                        3
   e - Alistair's Intoxication        Transmutation/Poison         5
   f - Invisibility                   Hexes                        6
 K - a manual of Polearms
Comestibles
 f - 21 bread rations
 h - 12 meat rations
 w - 33 fruits
 G - 10 royal jellies


   Skills:
 * Level 16.4 Fighting
 * Level 18.6 Maces & Flails
 * Level 16.2 Armour
 + Level 7.8 Dodging
 - Level 1.3 Stealth
 * Level 18.2 Shields
 - Level 0.4 Invocations
 + Level 7.8 Evocations


You had 19 spell levels left.
You didn't know any spells.

Dungeon Overview and Level Annotations

Branches:
Dungeon (15/15)            Temple (0/1) D:7            Lair (6/6) D:8
 Shoals (4/4) Lair:4        Snake (4/4) Lair:4        Slime (0/5) Lair:6
    Orc (2/2) D:9             Elf (0/3) Orc:2        Vaults (2/5) D:13
 Depths (0/5) D:15
  Crypt: Vaults:2-3

Altars:
Ashenzari
Cheibriados
Dithmenos
Elyvilon
Fedhas
Gozag
Hepliaklqana
Kikubaaqudgha
Makhleb
Okawaru
Qazlal
Trog
Uskayaw
Xom
Yredelemnul
The Shining One
Beogh
Jiyva

Shops:
D:14 [   Orc:2 *=%!   Shoals:3 }   Snake:3 *

Annotations:
D:12 1 runed door


Innate Abilities, Weirdness & Mutations

You are resistant to torment.
Your stone body is resilient. (AC +15)
You are immune to poison.
Your large and strong wings let you fly indefinitely.
You resist negative energy. (rN+)
You are resistant to electric shocks. (rElec)
You can survive without breathing.
You are immune to petrification.
You are immune to rotting.
You are partially covered in iridescent scales. (AC +2)
Your flesh is cold resistant. (rC+)
You are somewhat resistant to further mutation.


Message History

A deafening chorus of shrieks assaults your mind!
* * * LOW HITPOINT WARNING * * *
You suddenly lose the ability to move!
A starcursed mass splits.
A starcursed mass splits.
The starcursed mass engulfs you.
* * * LOW HITPOINT WARNING * * *
You hear a shout!
You can move again.
You puncture the starcursed mass! You burn the starcursed mass.
You destroy the starcursed mass!
Okawaru accepts your kill.
The sixfirhy moves out of view.
A cacophony of accursed wailing tears at your sanity!
* * * LOW HITPOINT WARNING * * *
You shrug off the repeated paralysis!
A starcursed mass splits.
You hit the starcursed mass. You burn the starcursed mass.
The starcursed mass is moderately damaged.
The starcursed mass shudders and withdraws towards its neighbour.
You block the sixfirhy's attack.
A cacophony of accursed wailing tears at your sanity!
You die...

#.## ..# . ..
...## . .5
##.......# ...
#......... .....
#...#...
...###..# # .
..#.....##..
#X#.#.5....#
##X@3.# .... .
#XXX##)#.(......
..XX.X## ###.#.#
.. ..X# # ...#
... . # .... ..
. # ...# . .. .
. ... . #


You could see 9 starcursed masses, a sixfirhy, an iron imp and a quasit.

Vanquished Creatures
  Asterion (Vaults:1)
  A kraken (Shoals:3)
  A tentacled starspawn (Abyss:2)
  Polyphemus (Shoals:2)
  7 nagarajas
  Ilsuiw (Shoals:4)
  A frost giant (Shoals:4)
  An orc warlord (Orc:2)
  3 vault wardens
  3 ironheart preservers
  2 stone giants
  3 very ugly things (Vaults:1)
  4 dire elephants (Lair:6)
  The ghost of GEC the Fighter, a journeyman DrWn of Makhleb (D:12)
  Azrael (Orc:2)
  2 deep elf annihilators (Vaults:2)
  12 merfolk impalers
  Josephine (Orc:2)
  A minotaur (Lab)
  3 merfolk javelineers
  Erolcha (D:10)
  A fire dragon (Vaults:1)
  4 yaktaur captains
  The ghost of grandjackal the Fighter, a journeyman DsGl of Okawaru (D:11)
  14 naga warriors
  A vault guard (Vaults:2)
  An ice dragon (Vaults:2)
  The ghost of Gryphonrising the Cleaver, a journeyman DsBe of Trog (D:11)
  14 hydras
  12 centaur warriors
  3 merfolk aquamancers
  2 merfolk avatars
  17 two-headed ogres
  A catoblepas (Shoals:2)
  7 anacondas
  3 ogre magi (Vaults:1)
  2 death yaks (Shoals:2)
  2 tengu warriors
  2 alligator snapping turtles
  2 satyrs
  5 orc high priests (Orc:2)
  A deep troll earth mage (Vaults:2)
  Urug (Lair:4)
  5 shock serpents
  4 deep elf knights
  10 naga sharpshooters
  2 wretched stars (Abyss:2)
  7 sea snakes
  2 salamander mystics
  5 skeletal warriors (D:11)
  A spatial maelstrom (Abyss:2)
  A sea snake (shapeshifter) (D:15)
  2 deep trolls (Vaults:2)
  A naga ritualist (Snake:3)
  5 unseen horrors
  2 deep elf archers
  A glowing orange brain (Vaults:1)
  A harpy (shapeshifter) (Vaults:1)
  8 ironbrand convokers
  An obsidian statue (Shoals:3)
  8 orc knights
  A necromancer (Vaults:1)
  4 harpies
  A wolf spider zombie (D:12)
  5 mana vipers
  9 deep elf magi
  A stone giant zombie (Vaults:1)
  11 cyclopes
  6 orc sorcerers
  A manticore (shapeshifter) (Vaults:2)
  13 manticores
  17 ugly things
  2 wolf spiders (Vaults:1)
  12 fauns
  13 merfolk sirens
  9 salamanders
  2 human zombies (Vaults:1)
  6 water nymphs
  Maurice (Orc:1)
  23 black mambas
  6 vault sentinels
  3 centaur zombies
  3 guardian serpents
  11 elephants
  A smoke demon (Abyss:2)
  3 gargoyles
  18 naga magi
  An orange demon (Abyss:2)
  5 spiny frogs
  A rime drake (Lair:2)
  10 yaktaurs
  3 kobold demonologists (D:13)
  10 komodo dragons
  An efreet (Abyss:2)
  The ghost of mango the Chiller, a novice MfIE (D:5)
  A redback zombie (D:15)
  3 freezing wraiths
  4 tengu conjurers
  A yaktaur skeleton (Vaults:1)
  3 trolls
  A harpy zombie (D:15)
  30 merfolk
  3 hornets
  3 wind drakes
  2 polar bears
  7 slime creatures
  17 blink frogs
  9 dream sheep
  10 hippogriffs
  13 snapping turtles
  9 water elementals
  A small abomination (Abyss:2)
  A vampire (D:13)
  A wyvern (Lair:3)
  42 yaks
  2 shadows
  4 fire elementals (Orc:2)
  6 wraiths
  A basilisk (shapeshifter) (Vaults:1)
  7 basilisks
  7 hungry ghosts
  4 wargs
  57 nagas
  15 water moccasins
  An acid dragon (D:14)
  3 hell hounds (Orc:2)
  8 porcupines
  47 orc warriors
  Purgy (D:3)
  A black bear (D:8)
  2 necrophages
  3 ice beasts
  3 boggarts (Vaults:1)
  4 phantoms
  12 wolves
  23 centaurs
  24 ogres
  4 big kobolds
  18 crocodiles
  24 bullfrogs
  A water moccasin zombie (D:7)
  2 scorpions
  A wyvern skeleton (D:10)
  An elf simulacrum (Vaults:1)
  A human simulacrum (Vaults:2)
  5 killer bees (D:8)
  A howler monkey (D:8)
  3 wights (D:11)
  2 vampire bats (D:8)
  9 crimson imps
  2 quasits
  A starcursed mass (Abyss:2)
  6 jellies
  7 hounds
  3 bullfrog skeletons
  28 orc priests
  A gnoll shaman (D:4)
  12 orc wizards
  6 centaur skeletons
  5 iguanas
  7 worker ants
  5 hell rats (Lair:3)
  A howler monkey zombie (D:6)
  Robin (D:3)
  A howler monkey skeleton (D:8)
  25 adders
  13 gnolls
  3 shadow imps
  3 oozes (Lair:6)
  An adder skeleton (D:8)
  4 worms
  6 leopard geckos
  98 orcs
  5 bat zombies (D:8)
  5 giant cockroaches
  17 goblins
  10 hobgoblins
  13 jackals
  22 kobolds
  7 quokkas
  9 bats
  11 frilled lizards
  A jackal skeleton (D:4)
  2 leopard gecko skeletons (D:4)
  22 rats
  3 plants (Lair:6)
  4 tentacles (Shoals:3)
1266 creatures vanquished.

Vanquished Creatures (others)
  A manticore (Shoals:4)
  A naga (Snake:3)
  An orc warrior (Orc:2)
  An orc priest (Orc:2)
  An orc (Orc:2)
  14 fungi
  15 plants
  2 starspawn tentacles (Abyss:2)
  4 tentacles (Shoals:3)
40 creatures vanquished.

Grand Total: 1306 creatures vanquished

Notes
Turn   | Place    | Note
-------+----------+-------------------------------------------
     0 | D:1      | JeffiDaFish the Gargoyle Fighter began the quest for the Orb.
     0 | D:1      | Reached XP level 1. HP: 14/14 MP: 1/1
   171 | D:1      | Reached XP level 2. HP: 18/19 MP: 2/2
   696 | D:2      | Reached XP level 3. HP: 23/23 MP: 3/3
   717 | D:2      | Gained mutation: Your flesh is cold resistant. (rC+) [potion of mutation]
   717 | D:2      | Gained mutation: You are partially covered in iridescent scales. (AC +2) [potion of mutation]
   717 | D:2      | Gained mutation: You are somewhat resistant to further mutation. [potion of mutation]
   999 | D:2      | Reached XP level 4. HP: 28/28 MP: 4/4
  1035 | D:2      | Found a white marble altar of Elyvilon.
  1578 | D:2      | Reached XP level 5. HP: 25/33 MP: 5/5
  1772 | D:3      | Noticed a centaur
  1808 | D:3      | Killed a centaur
  1897 | D:3      | Noticed Robin
  1929 | D:3      | Killed Robin
  1929 | D:3      | Reached XP level 6. HP: 24/38 MP: 6/6
  2034 | D:3      | Reached skill level 1 in Dodging
  2051 | D:3      | Found a basalt altar of Yredelemnul.
  2086 | D:3      | Found a hazy altar of Hepliaklqana.
  2170 | D:3      | Noticed Purgy
  2183 | D:3      | Killed Purgy
  2183 | D:3      | Reached skill level 5 in Shields
  2387 | D:3      | Found a bloodstained altar of Trog.
  2963 | D:4      | Reached XP level 7. HP: 41/43 MP: 7/7
  3028 | D:4      | Reached skill level 5 in Maces & Flails
  3029 | D:4      | Found a hide-covered altar of Uskayaw.
  3620 | D:5      | Entered Level 5 of the Dungeon
  3669 | D:5      | Reached XP level 8. HP: 44/48 MP: 8/8
  3692 | D:5      | Noticed mango's ghost (novice MfIE)
  3706 | D:5      | Killed mango's ghost
  3706 | D:5      | Reached skill level 5 in Fighting
  3706 | D:5      | Reached skill level 5 in Armour
  4416 | D:6      | Noticed a manticore
  4427 | D:6      | Killed a manticore
  4427 | D:6      | Reached XP level 9. HP: 39/55 MP: 9/9
  4781 | D:6      | Found an iron altar of Okawaru.
  4788 | D:6      | Became a worshipper of Warmaster Okawaru
  4892 | D:6      | Found a burning altar of Makhleb.
  4892 | D:6      | Found an iron altar of Okawaru.
  5253 | D:7      | Reached * piety under Okawaru
  5408 | D:7      | Found a shimmering altar of Xom.
  5409 | D:7      | Found a blossoming altar of Fedhas.
  5444 | D:7      | Found a snail-covered altar of Cheibriados.
  5461 | D:7      | Found a basalt altar of Yredelemnul.
  5488 | D:7      | Found a blossoming altar of Fedhas.
  5755 | D:7      | Found a staircase to the Ecumenical Temple.
  6099 | D:8      | Reached XP level 10. HP: 60/61 MP: 10/10
  6300 | D:8      | Reached ** piety under Okawaru
  6301 | D:8      | Reached skill level 10 in Maces & Flails
  6302 | D:8      | Found a staircase to the Lair.
  6369 | D:8      | Found an ancient bone altar of Kikubaaqudgha.
  6669 | D:9      | Found a shattered altar of Ashenzari.
  6686 | D:9      | Found a staircase to the Orcish Mines.
  7278 | D:9      | Found an opulent altar of Gozag.
  7488 | D:9      | Reached *** piety under Okawaru
  7588 | Lair:1   | Entered Level 1 of the Lair of Beasts
  8207 | Lair:1   | Noticed a black mamba
  8219 | Lair:1   | Killed a black mamba
  8219 | Lair:1   | Reached XP level 11. HP: 61/68 MP: 11/11
  8486 | Lair:1   | Reached **** piety under Okawaru
  9149 | Lair:2   | Found a labyrinth entrance.
  9192 | Lab      | Entered a labyrinth
  9333 | Lab      | Paralysed by fainting for 9 turns
  9438 | Lab      | Reached skill level 10 in Shields
  9588 | Lab      | Noticed a minotaur
  9608 | Lab      | Killed a minotaur
  9608 | Lab      | Reached ***** piety under Okawaru
  9634 | Lab      | Got a scintillating wooden ring
  9638 | Lair:2   | Identified the ring of Tulips {rN+ Stlth+} (You found it in a labyrinth)
  9895 | Lair:2   | Received a gift from Okawaru
 10216 | Lair:2   | Noticed an eight-headed hydra
 10234 | Lair:2   | Killed an eight-headed hydra
 10500 | Lair:2   | Upgraded the game from 0.21-a0-13-g3fd62ac to 0.21-a0-19-g210df22
 10515 | Lair:2   | Reached XP level 12. HP: 68/76 MP: 9/12
 11760 | Lair:3   | Noticed a four-headed hydra
 11774 | Lair:3   | Killed a four-headed hydra
 12293 | Lair:4   | Found a staircase to the Snake Pit.
 12405 | Lair:4   | Found a staircase to the Shoals.
 12453 | Lair:4   | Reached skill level 1 in Stealth
 12750 | Lair:4   | Received a gift from Okawaru
 12751 | Lair:4   | Noticed Urug
 12785 | Lair:4   | Killed Urug
 12785 | Lair:4   | Reached skill level 10 in Fighting
 13270 | Lair:4   | Noticed a seven-headed hydra
 13292 | Lair:4   | Killed a seven-headed hydra
 13292 | Lair:4   | Reached skill level 10 in Armour
 13292 | Lair:4   | Reached XP level 13. HP: 53/82 MP: 8/13
 14979 | Lair:6   | Entered Level 6 of the Lair of Beasts
 15081 | Lair:5   | Reached ****** piety under Okawaru
 15081 | Lair:5   | Received a gift from Okawaru
 16079 | Lair:6   | Found a runed door.
 16079 | Lair:6   | Found a viscous altar of Jiyva.
 16084 | Lair:6   | Found a staircase to the Slime Pits.
 16262 | Lair:5   | Received a gift from Okawaru
 16447 | Lair:5   | Gained mutation: Your large and strong wings let you fly indefinitely. [Gargoyle growth]
 16447 | Lair:5   | Reached XP level 14. HP: 90/90 MP: 12/14
 17055 | Lair:6   | Noticed a dire elephant
 17072 | Lair:6   | Killed a dire elephant
 17475 | Lair:6   | Noticed a dire elephant
 17475 | Lair:6   | Noticed a dire elephant
 17514 | Lair:6   | Killed a dire elephant
 17521 | Lair:6   | Killed a dire elephant
 17636 | Lair:6   | Noticed a dire elephant
 17653 | Lair:6   | Killed a dire elephant
 17778 | D:10     | Entered Level 10 of the Dungeon
 17910 | D:10     | Noticed Erolcha
 17938 | D:10     | Killed Erolcha
 17938 | D:10     | Received a gift from Okawaru
 18536 | D:11     | Found a shadowy altar of Dithmenos.
 18601 | D:11     | Reached skill level 15 in Maces & Flails
 18604 | D:11     | Noticed Gryphonrising's ghost (journeyman DsBe)
 18655 | D:11     | Killed Gryphonrising's ghost
 18663 | D:11     | Noticed grandjackal's ghost (journeyman DsGl)
 18693 | D:11     | Killed grandjackal's ghost
 19598 | D:12     | Noticed GEC's ghost (journeyman DrWn)
 19632 | D:12     | Killed GEC's ghost
 19815 | D:12     | Received a gift from Okawaru
 19950 | D:12     | Found a glowing golden altar of the Shining One.
 19950 | D:12     | Found a runed door.
 19950 | D:12     | Noticed an angel
 20168 | D:12     | Reached XP level 15. HP: 92/97 MP: 15/15
 20408 | D:13     | Found a stormy altar of Qazlal.
 20445 | D:13     | Reached skill level 1 in Evocations
 21134 | D:13     | Found a gate to the Vaults.
 21329 | D:13     | Got a glittering marble ring
 21331 | D:13     | Identified the ring of a Thousand Gods {Str+4 Stlth+} (You found it on level 13 of the Dungeon)
 21914 | D:14     | Reached skill level 15 in Shields
 21990 | D:14     | Found a shadowy altar of Dithmenos.
 22107 | D:14     | Found Qyamnoemig's Antique Armour Shoppe.
 22403 | D:14     | Received a gift from Okawaru
 22474 | D:15     | Entered Level 15 of the Dungeon
 23398 | D:15     | Found a staircase to the Depths.
 23405 | D:15     | Received a gift from Okawaru
 23871 | Shoals:1 | Entered Level 1 of the Shoals
 23912 | Shoals:1 | Reached XP level 16. HP: 30/104 MP: 5/18
 24660 | Shoals:1 | Received a gift from Okawaru
 25325 | Shoals:2 | Noticed Polyphemus
 25361 | Shoals:2 | Killed Polyphemus
 25717 | Shoals:2 | Reached skill level 5 in Dodging
 26185 | Shoals:3 | Found Isuax's Gadget Shoppe.
 26825 | Shoals:3 | Noticed a kraken
 26852 | Shoals:3 | Killed a kraken
 27047 | Shoals:3 | Found a gateway to a bazaar.
 27060 | Bazaar   | Entered a bazaar
 27079 | Bazaar   | Found Umownali's Armour Emporium.
 27090 | Bazaar   | Found Defulu's Armour Emporium.
 27135 | Bazaar   | Found Zujyhicwo's Gadget Shoppe.
 27159 | Bazaar   | Found Hus Ushrelua's General Store.
 27164 | Bazaar   | Bought a potion of heal wounds for 80 gold pieces
 27218 | Bazaar   | Found Aheoqose's Assorted Antiques.
 27426 | Shoals:4 | Entered Level 4 of the Shoals
 27453 | Shoals:4 | Received a gift from Okawaru
 27455 | Shoals:4 | Noticed Ilsuiw
 27919 | Shoals:4 | Got a barnacled rune of Zot
 28188 | Shoals:4 | Killed Ilsuiw
 28188 | Shoals:4 | Reached XP level 17. HP: 106/111 MP: 18/20
 28312 | Shoals:3 | Reached skill level 5 in Evocations
 29361 | Shoals:4 | Received a gift from Okawaru
 29863 | Snake:1  | Entered Level 1 of the Snake Pit
 31276 | Snake:2  | You are sucked into a shaft!
 31679 | Snake:3  | Received a gift from Okawaru
 31688 | Snake:3  | Got a pair of translucent gloves {god gift}
 31699 | Snake:3  | Identified the +1 pair of gloves of Kunwe Cuo {Str+2} (Okawaru gifted it to you on level 3 of the Snake Pit)
 31830 | Snake:3  | Reached XP level 18. HP: 98/118 MP: 18/22
 31951 | Snake:3  | Reached skill level 15 in Fighting
 32321 | Snake:3  | Found Fani's General Store.
 32329 | Snake:3  | Bought 2 fruits for 33 gold pieces
 32329 | Snake:3  | Bought a royal jelly for 22 gold pieces
 32511 | Snake:4  | Entered Level 4 of the Snake Pit
 33065 | Snake:4  | Found a hazy altar of Hepliaklqana.
 33648 | Snake:4  | Received a gift from Okawaru
 33855 | Snake:4  | Reached skill level 15 in Armour
 34000 | Snake:4  | Got a serpentine rune of Zot
 34368 | Orc:1    | Entered Level 1 of the Orcish Mines
 34402 | Orc:1    | Noticed Maurice
 34415 | Orc:1    | Killed Maurice
 34658 | Orc:2    | Entered Level 2 of the Orcish Mines
 34974 | Orc:2    | Found a roughly hewn altar of Beogh.
 35042 | Orc:2    | Noticed Azrael
 35117 | Orc:2    | Killed Azrael
 35183 | Orc:2    | Found Efidiube's Distillery.
 35209 | Orc:2    | Found Itail's Food Shop.
 35570 | Orc:2    | Found a staircase to the Elven Halls.
 35601 | Orc:2    | Found Iniwi's Jewellery Boutique.
 35645 | Orc:2    | Bought the ring "Lusatuog" {rN+ Dex+6} for 836 gold pieces
 35661 | Orc:2    | Found a roughly hewn altar of Beogh.
 35683 | Orc:2    | Noticed Josephine
 35702 | Orc:2    | Killed Josephine
 35835 | Orc:2    | Found Xoutar's General Store.
 35855 | Orc:2    | Bought a scroll of enchant weapon for 90 gold pieces
 35855 | Orc:2    | Bought a scroll of brand weapon for 240 gold pieces
 36082 | Orc:2    | Reached XP level 19. HP: 124/124 MP: 24/24
 36446 | Vaults:1 | Entered Level 1 of the Vaults
 36466 | Vaults:1 | Noticed Asterion
 36503 | Vaults:1 | Killed Asterion
 36503 | Vaults:1 | Received a gift from Okawaru
 38143 | Vaults:1 | Received a gift from Okawaru
 39394 | Vaults:2 | Cast into level 2 of the Abyss (a deep elf demonologist)
 39435 | Abyss:2  | Reached XP level 20. HP: 30/132 MP: 8/25
 39470 | Abyss:2  | Paralysed by accursed screaming for 1 turns
 39473 | Abyss:2  | Killed from afar by a starcursed mass

Vault maps used:
D:1:      elethiomel_arrival_diamonds
D:2:      elyvilon_altar_3, minmay_guardbox
D:3:      cheibrodos_helix_gallery, lemuel_doored_altar,
          overflow_temple_1_default, nicolae_overflow_crystal_walls, uniq_purgy,
          uniq_robin
D:4:      marbit_many_paths
D:5:      first_bread, corexii_leaking_fountain
D:6:      gammafunk_temple_overflow_wave, basic_altar
D:7:      nicolae_overflow_hidden_temple, kennysheep_mini_moat, temple_hall,
          basic_altar, fedhas_altar_fruit_tree
D:8:      kennysheep_vampire_church, lair_entry_dummy
D:9:      ashenzari_conservatory_becter, grunt_gozag_statues, orc_0_dummy
D:10:     hangedman_stone_soup, uniq_erolcha
D:11:     basic_altar, nicolae_two_hexagons, minmay_sticks_and_stones
D:12:     minmay_misc_feat_nine_boxes, minmay_misc_feat_x, wad_woods_river_04,
          st_stairs_10, lemuel_angel_altar
D:13:     hangedman_vaults_entry_quadrant_bands, basic_altar
D:14:     serial_shops, shop, grunt_dithmenos_shadows
D:15:     grunt_enter_depths_snipers, hangedman_decor_riveting,
          corexii_checkpoint_a
Lair:2:   lab_entry_generic, serial_forest, infiniplex_forest_clump_curved,
          infiniplex_forest_lined_3, infiniplex_forest_end_3,
          infiniplex_forest_clump_tiny, lemuel_old_faithful
Lair:3:   kennysheep_abandoned_house, grunt_megastairs_2
Lair:4:   elwin_shoals_entry_stream, guppyfry_snake_entry_island, uniq_urug
Lair:6:   due_jungle_book, slime_altar_2, grunt_megastairs_3,
          infiniplex_staircase_pool
Shoals:1: nicolae_shoals_so_close
Shoals:2: uniq_polyphemus
Shoals:3: serial_shops, statue_bzr, nicolae_shop_waterfront
Shoals:4: shoals_end_grunt_ice, shoals_ilsuiw_alternative,
          nicolae_shoals_arrival_archipelago
Snake:2:  serial_shops, nicolae_shop_window_shopping
Snake:3:  serial_shops, nicolae_shop_temple_entry_statues_fountains,
          serial_bayou_shore_b
Snake:4:  minmay_snake_end_coiled, basic_altar
Orc:1:    uniq_maurice
Orc:2:    pubby_orc_utopia, uniq_azrael, uniq_josephine
Vaults:1: hangedman_vaults_unwind, hangedman_vaults_maws, v_misc_28,
          vaults_standard_mumra_x, nicolae_vaults_sealed_display,
          nicolae_vaults_border_crossing, ontoclasm_vaults_idyll,
          vaults_dpeg_hooks, grunt_vaults_bifocal, vaults_dpeg_ring,
          vaults_dpeg_doors, vaults_dpeg_encased_lava,
          nicolae_vaults_angled_halls, nicolae_vaults_specimen_jars,
          uniq_asterion
Vaults:2: nicolae_vaults_ring_of_whatevers, v_rooms_3, v_misc_31, v_misc_24,
          nicolae_vaults_theta, nicolae_vaults_alarming, ontoclasm_vaults_eye,
          minmay_crypt_entry_simple_round
Abyss:2:  hangedman_abyss_river_spirits
Lab:      labyrinth_hidden_loot, nicolae_lab_grate_2, lab_fountain,
          nicolae_lab_big_swirl, nicolae_lab_lava, nicolae_lab_hexagon,
          nicolae_lab_x, nicolae_lab_dead_end, nicolae_lab_quarters,
          nicolae_lab_t_cross, lab_statue
Bazaar:   bazaar_jpeg_circle_rare_2

Skill      XL: |  1  2  3  4  5  6  7  8  9 10 11 12 13 14 15 16 17 18 19 |
---------------+----------------------------------------------------------+-----
Maces & Flails | 3 4 5 8 9 11 12 13 14 15 16 17 18 | 18.6
Shields        | 4 5 6 8 9 10 12 13 14 15 16 17 18 | 18.2
Armour         | 4 5 6 7 8 10 11 12 13 14 15 16 | 16.2
Dodging        | 1 2 4 5 6 7 |  7.8
Fighting       | 4 5 6 7 9 10 11 12 13 14 15 16 | 16.4
Stealth        | 1 |  1.3
Evocations     | 3 4 5 7 |  7.8
Invocations    | |  0.4

Action                   |  1- 3 |  4- 6 |  7- 9 | 10-12 | 13-15 | 16-18 | 19-21 || total
-------------------------+-------+-------+-------+-------+-------+-------+-------++-------
Melee: Flail             |   109 |   225 |   403 |  1049 |   574 |       |       ||  2360
       Morningstar       |       |       |       |       |  1268 |  2341 |   715 ||  4324
Invok: Heroism           |       |       |       |     2 |       |       |       ||     2
 Abil: Fly               |       |       |       |       |     1 |     1 |       ||     2
       Stop Flying       |       |       |       |       |     1 |     1 |       ||     2
Evoke: Wand              |       |       |       |     1 |       |       |       ||     1
       Phantom mirror    |       |       |       |       |       |     1 |       ||     1
  Use: Potion            |     6 |     4 |     1 |     7 |     5 |     8 |     2 ||    33
       Scroll            |     7 |     8 |     7 |     2 |    10 |     7 |     7 ||    48
  Eat: Chunk             |     1 |     6 |    11 |    22 |    38 |    34 |    10 ||   122
       Royal jelly       |       |       |       |     2 |       |     3 |     1 ||     6
       Meat ration       |       |       |       |     1 |       |     1 |       ||     2
Armor: Scale mail        |    34 |       |       |       |       |       |       ||    34
       Plate armour      |    60 |   251 |   298 |   653 |   531 |       |       ||  1793
       Skin              |       |       |       |    14 |       |       |       ||    14
       Crystal plate arm |       |       |       |       |   720 |  1456 |   397 ||  2573
Dodge: Dodged            |    29 |    44 |    74 |   240 |   370 |   507 |   178 ||  1442
Block: Shield            |    71 |   158 |   246 |   597 |  1189 |  1388 |       ||  3649
       Large shield      |       |       |       |       |       |   427 |   851 ||  1278
